 Dungeon Crawl Stone Soup version 0.29-a0-1027-gcd8c55af63 (webtiles) character file.

Game seed: 1846492896063731569

21 27heaven the Conjurer (level 2, -3/20 HPs)
             Began as a Demigod Conjurer on Aug 12, 2022.
             Slain by a gnoll
             ... wielding a +0 club
              (8 damage)
             ... on level 1 of the Dungeon.
             The game lasted 00:01:03 (779 turns).

27heaven the Conjurer (Demigod Conjurer)             Turns: 779, Time: 00:01:04

Health: -3/20      AC:  2    Str:  8    XL:     2   Next: 48%
Magic:  1/7        EV: 12    Int: 20    God:
Gold:   30         SH:  0    Dex: 12    Spells: 4/5 levels left

rFire   . . .      SeeInvis .   c - +0 dagger
rCold   . . .      Faith    .   (no shield)
rNeg    . . .      Spirit   .   a - +0 robe
rPois   .          Reflect  .   (no helmet)
rElec   .          Harm     .   (no cloak)
rCorr   .          Rampage  .   (no gloves)
Will    .....                   (no boots)
Stlth   ++........              (no amulet)
HPRegen 0.06/turn               (no ring)
MPRegen 0.10/turn               (no ring)

@: mighty
A: high MP 1, forlorn, divine attributes
a: no special abilities


You were on level 1 of the Dungeon.
You visited 1 branch of the dungeon, and saw 1 of its levels.

You collected 30 gold pieces.

Inventory:

Hand Weapons
 c - a +0 dagger (weapon)
Armour
 a - a +0 robe (worn)
Jewellery
 i - a +4 ring of evasion
Scrolls
 d - a scroll of teleportation {unknown}
 h - a scroll of torment {unknown}
Potions
 b - a potion of magic
 e - a potion of invisibility {unknown}
 f - a potion of haste {unknown}
 g - a potion of might


   Skills:
 - Level 1.7 Dodging
 - Level 1.7 Stealth
 + Level 2.3 Spellcasting
 + Level 4.0 Conjurations


You had 4 spell levels left.
You knew the following spells:

 Your Spells              Type           Power      Damage    Failure   Level
a - Magic Dart            Conj           72%        1d6       3%          1

Your spell library contained the following spells:

 Spells                   Type           Power      Damage    Failure   Level
 Searing Ray              Conj           36%        2d5       4%          2
 Dazzling Flash           Conj/Hex       20%        N/A       21%         3
 Fulminant Prism          Conj/Hex       5%         3d7       54%         4
 Iskenderun's Mystic Bla  Conj/Tloc      10%        2d4       54%         4


Dungeon Overview and Level Annotations

Branches:
Dungeon (1/15)


Innate Abilities, Weirdness & Mutations

You have an increased reservoir of magic. (+10% MP)
You shall have no god before yourself.
Your divine heritage dramatically boosts your attributes as you level up.


Message History

The kobold throws a stone.
The stone barely misses you.
There are monsters nearby!
There are monsters nearby!
The magic dart hits the kobold.
You kill the kobold!
The magic dart hits the hobgoblin but does no damage.
A gnoll comes into view. It is wielding a +0 club.
The magic dart hits the hobgoblin.
You kill the hobgoblin!
A bat comes into view.
The magic dart hits the bat.
The bat is moderately wounded.
The bat hits you but does no damage.
The magic dart hits the gnoll but does no damage.
The bat hits you.
The magic dart hits the bat.
The bat is heavily wounded.
The bat hits you but does no damage. x2
The magic dart hits the bat.
You kill the bat!
The gnoll barely misses you.
You are out of magic!
You are out of magic!
The gnoll attacks as you move away! The gnoll completely misses you.
You hit the gnoll but do no damage. The gnoll barely misses you.
You hit the gnoll.
The gnoll is moderately wounded.
The gnoll hits you with a +0 club. The gnoll misses you.
There is an open door here.
The gnoll attacks as you move away! The gnoll hits you with a +0 club!
* * * LOW HITPOINT WARNING * * *
It was a potion of might.
You feel very mighty all of a sudden. The gnoll hits you with a +0 club.
* * * LOW HITPOINT WARNING * * *
You barely miss the gnoll.
The gnoll is moderately wounded.
The gnoll hits you with a +0 club!
You die...

.#..................
..........###.......
............+.......
..#.#####.##+##.....
..#......##8.8##.... ##.
..#.###.##.....###+#+# #...#
.......##8.....8##.#†#......
#.#.####.........##........#
#.#...#8........@8#..#)....#
#.#.#.+..........g'.## ....#
#.#.###8.........8### ....
#.#.# ##.........## .##
#.#.#####8.....8## #
#.#.#...##.....##
#.#.#.#.###8.8##
..........##'##
###.#.#.#....#


You could see a gnoll.

Vanquished Creatures
  3 ball pythons (D:1)
  3 bats (D:1)
  An endoplasm (D:1)
  2 giant cockroaches (D:1)
  4 hobgoblins (D:1)
  2 goblins (D:1)
  2 kobolds (D:1)
  A rat (D:1)
18 creatures vanquished.

Notes
Turn   | Place    | Note
-------+----------+-------------------------------------------
     0 | D:1      | 27heaven the Demigod Conjurer began the quest for the Orb.
     0 | D:1      | Reached XP level 1. HP: 14/14 MP: 5/5
   305 | D:1      | Reached XP level 2. HP: 20/20 MP: 3/7
   715 | D:1      | Reached skill level 4 in Conjurations
   779 | D:1      | Slain by a gnoll

Illustrated notes

Levels and vault maps discovered:
D:1:      ebering_trefoil_twist, layout_basic, minmay_misc_feat_tiny,
          minmay_hedge_maze, minmay_misc_feat_encased, hangedman_feature_mirror,
          st_stairs_5, dk_noncrumbling_4

Skill      XL: |  1  2 |
---------------+-------+-----
Spellcasting   | 2 |  2.3
Conjurations   | 4 |  4.0
Dodging        | |  1.7
Stealth        | |  1.7

Action                   || total
-------------------------++-------
Melee: Unarmed           ||    27
       Dagger            ||     3
 Cast: Magic Dart        ||    37
  Use: Potion            ||     1
Armor: Robe              ||    10
Dodge: Dodged            ||    29

Table legend: (Time is in decaauts)
 A = Elapsed time spent in this place.
 B = Non-inter-level travel time spent in this place.
 C = Inter-level travel time spent in this place.
 D = Time resting spent in this place.
 E = Time spent auto-exploring this place.
 F = Levels seen in this place.
 G = Mean time per level.
                   A        B        C        D        E       F      G
               +--------+--------+--------+--------+--------+-----+--------+
         Total |    778 |    778 |      0 |      0 |    665 |   1 |  778.0 |
       Dungeon |    778 |    778 |      0 |      0 |    665 |   1 |  778.0 |
               +--------+--------+--------+--------+--------+-----+--------+

Top non-repeatable levels by time:
     D:1: 778 daAuts
